 Dungeon Crawl Stone Soup version 0.22.1-2-g9c5b331 (webtiles) character file.

87 Matador8 the Grave Robber (level 4, -5/30 HPs)
             Began as a Demonspawn Necromancer on Dec 22, 2018.
             Killed from afar by Natasha (8 damage)
             ... with a magic dart
             ... on level 1 of the Dungeon.
             The game lasted 00:25:01 (1031 turns).

Matador8 the Grave Robber (Demonspawn Necromancer)  Turns: 1031, Time: 00:25:31

Health: -5/30      AC:  5    Str:  9    XL:     4   Next: 28%
Magic:  0/7        EV: 11    Int: 17    God:
Gold:   28         SH:  0    Dex: 13    Spells: 2/7 levels left

rFire    . . .     SeeInvis .   j - +1 whip (venom)
rCold    . . .     Gourm    .   (no shield)
rNeg     . . .     Faith    .   k - +0 leather armour
rPois    .         Spirit   .   (no helmet)
rElec    .         Reflect  .   (no cloak)
rCorr    .         Harm     .   (no gloves)
MR       .....                  (no boots)
Stlth    +++.......             (no amulet)
HPRegen  0.10/turn              (no ring)
MPRegen  0.10/turn              (no ring)

@: very slightly contaminated
A: iridescent scales 1, nightstalker 1, powered by death 1
a: no special abilities


You were on level 1 of the Dungeon.
You were not hungry.

You visited 1 branch of the dungeon, and saw 2 of its levels.

You collected 28 gold pieces.

Inventory:

Hand Weapons
 b - a +0 spear
 j - a +1 whip of venom (weapon)
Armour
 a - a +0 robe
 k - a +0 leather armour (worn)
Jewellery
 d - a cursed amulet of the gourmand {unknown}
Scrolls
 f - a scroll of enchant weapon {unknown}
 g - 2 scrolls of teleportation {unknown}
 h - a scroll of remove curse {unknown}
 m - a scroll of immolation {unknown}
 n - a scroll of magic mapping {unknown}
 o - a scroll of identify {unknown}
Potions
 e - a potion of flight {unknown}
 i - a potion of ambrosia {unknown}
Comestibles
 c - 2 rations


   Skills:
 + Level 1.7 Maces & Flails
 - Level 1.7 Dodging
 - Level 2.2 Stealth
 - Level 2.0 Spellcasting
 + Level 5.6 Necromancy


You had 2 spell levels left.
You knew the following spells:

 Your Spells              Type           Power        Failure   Level  Hunger
a - Pain                  Necr           ###.         2%          1    #......
b - Animate Skeleton      Necr           N/A          2%          1    #......
c - Vampiric Draining     Necr           ###.......   9%          3    ###....

Your spell library contained the following spells:

 Spells                   Type           Power        Failure   Level  Hunger
 Regeneration             Chrm/Necr      ##........   26%         3    ###....
 Animate Dead             Necr           N/A          26%         4    #####..


Dungeon Overview and Level Annotations

Branches:
Dungeon (2/15)

Altars:

Annotations:
D:1 Natasha


Innate Abilities, Weirdness & Mutations

You are partially covered in iridescent scales. (AC +2)
You are slightly more attuned to the shadows.
You regenerate a little health from kills.


Message History

You kill Natasha!
Natasha growls in agony!
You have reached level 4!
You feel clever.
Your demonic ancestry asserts itself...
You slip into the darkness of the dungeon.
You feel life coursing into your body.
You start resting.
Natasha, Servant of Life and Death comes into view.
Natasha stares at you and mumbles some strange words.
The magic dart hits you!
* * * LOW HITPOINT WARNING * * *
You see here the felid corpse of Natasha.
Casting: Vampiric Draining (safe; 9% risk of failure)
Confirm with . or Enter, or press ? or * to list all spells.
You attempt to give life to the dead...
Before your eyes, flesh is ripped from the corpse!
The dead are walking!
Natasha stares at you and mumbles some strange words.
The magic dart hits you!
You die...

##.# #....###.....(.........
#..###........).........####
##.............#..Z........#
#..........###.#...Z.......#
#..............#...Z.......##
#...........#.......Z......##
#.........Z.#.###............
###...........#................
#.............@.#..........#..#
#.##.........)...............#'
#.##........###..h..........##.
#.#..........##......######.#..
#.(..........##......# #.#..
###..........##.....## #.#..
#..........##.....# #.#..
#..........##.....# #.#..
##........######### #.##.


You could see Natasha and the friendly Natasha the felid skeleton.

Vanquished Creatures
  Natasha (twice) (D:1)
  2 dart slugs
  A ball python (D:1)
  3 bats (D:1)
  2 giant cockroaches (D:2)
  3 goblins
  5 hobgoblins (D:1)
  2 jackals (D:1)
  4 frilled lizards
  A kobold (D:2)
  3 rats (D:1)
28 creatures vanquished.

Vanquished Creatures (collateral kills)
  2 goblins (D:1)
  A bat (D:1)
  A rat (D:1)
4 creatures vanquished.

Grand Total: 32 creatures vanquished

Notes
Turn   | Place    | Note
-------+----------+-------------------------------------------
     0 | D:1      | Matador8 the Demonspawn Necromancer began the quest for the
                  | Orb.
     0 | D:1      | Reached XP level 1. HP: 13/13 MP: 3/3
    15 | D:1      | Learned a level 1 spell: Animate Skeleton
    85 | D:1      | Gained mutation: You are partially covered in iridescent
                  | scales. (AC +2) [demonic ancestry]
    85 | D:1      | Reached XP level 2. HP: 15/19 MP: 5/5
   208 | D:1      | Reached skill level 5 in Necromancy
   665 | D:1      | Gained mutation: You regenerate a little health from kills.
                  | [demonic ancestry]
   665 | D:1      | Reached XP level 3. HP: 18/24 MP: 4/6
   956 | D:2      | Noticed Natasha
   964 | D:1      | Killed Natasha
   964 | D:1      | Reached skill level 1 in Maces & Flails
   969 | D:1      | Learned a level 3 spell: Vampiric Draining
  1019 | D:1      | Noticed Natasha
  1023 | D:1      | Killed Natasha
  1023 | D:1      | Gained mutation: You are slightly more attuned to the
                  | shadows. [demonic ancestry]
  1023 | D:1      | Reached XP level 4. HP: 2/30 MP: 0/7
  1029 | D:1      | Noticed Natasha
  1031 | D:1      | Killed from afar by Natasha

Skill      XL: |  1  2  3 |
---------------+----------+-----
Stealth        | 2 |  2.2
Necromancy     | 5 |  5.6
Maces & Flails | 1 |  1.7
Dodging        | |  1.7
Spellcasting   | |  2.0

Action                   |  1- 3 |  4- 6 || total
-------------------------+-------+-------++-------
Melee: Spear             |    45 |       ||    45
       Whip              |    23 |       ||    23
 Cast: Pain              |    18 |       ||    18
       Animate Skeleton  |    10 |     1 ||    11
       Vampiric Draining |       |     1 ||     1
 Stab: Sleeping          |     2 |       ||     2
  Eat: Chunk             |     1 |       ||     1
Armor: Leather armour    |     9 |       ||     9
       Robe              |     4 |       ||     4
Dodge: Dodged            |    38 |       ||    38
